 Dungeon Crawl Stone Soup version 0.24-a0-397-g73b976d855 (webtiles) character file.

Game seed: 12504091461824555395

25880 MisterFreud the Covert (level 13, -11/163 HPs)
             Began as a Naga Fire Elementalist on June 4, 2019.
             Was a High Priest of Vehumet.
             Mangled by Rupert
             ... wielding a +2 battleaxe of freezing
              (38 damage)
             ... on level 3 of the Lair of Beasts.
             The game lasted 00:58:08 (16594 turns).

MisterFreud the Covert (Naga Fire Elementalist)    Turns: 16594, Time: 00:58:09

Health: -11/163    AC: 26    Str: 10    XL:     13   Next: 22%
Magic:  14/25      EV:  1    Int: 21    God:    Vehumet [*****.]
Gold:   757        SH:  0    Dex: 12    Spells: 2/28 levels left

rFire    . . .     SeeInvis +   V - +3 trident (freeze)
rCold    + + .     Gourm    .   (no shield)
rNeg     + + +     Faith    +   (armour currently unavailable)
rPois    +         Spirit   .   (helmet currently unavailable)
rElec    .         Reflect  .   (cloak currently unavailable)
rCorr    .         Harm     .   (gloves currently unavailable)
MR       +....     NoTele   +   (no barding)
Stlth    ++++......             E - amulet of faith
HPRegen  0.37/turn              i - ring of protection from cold
MPRegen  0.19/turn              D - ring of protection from cold

@: tree-form
A: large, see invisible, slow metabolism 1, spit poison 1, AC +4
a: Spit Poison, Renounce Religion


You were on level 3 of the Lair of Beasts.
You worshipped Vehumet.
Vehumet was extremely pleased with you.
You were not hungry.
You were a tree.
You visited 3 branches of the dungeon, and saw 16 of its levels.
You also visited: Ice Cave.

You collected 953 gold pieces.
You spent 196 gold pieces at shops.

Inventory:

Hand Weapons
 Q - a +3 fustibalus of freezing
 V - a +3 trident of freezing (weapon)
Missiles
 d - 68 sling bullets
 j - 76 poisoned darts (quivered)
 n - 144 stones
 o - 2 throwing nets
 p - 4 javelins
 s - 25 boomerangs
 z - 189 arrows
 W - 4 curare-tipped darts
Armour
 B - a +1 robe of magic resistance (melded)
 H - a +0 cloak of magic resistance (melded)
 P - a +2 hat (melded)
 X - the +2 cloak of the Thief {+Fog Slay-2 SInv Stlth+}
   (You found it on level 1 of the Lair of Beasts)

   It affects your accuracy and damage with ranged weapons and melee attacks
   (-2).
   It lets you see invisible.
   It makes you more stealthy.
Jewellery
 i - a ring of protection from cold (left branch)
 v - an uncursed ring of ice
 A - an uncursed amulet of magic regeneration
 C - an uncursed ring of stealth
 D - a ring of protection from cold (right branch)
 E - an amulet of faith (around neck)
 I - an uncursed ring of ice
 T - an uncursed ring of resist corrosion
Wands
 a - a wand of random effects (32)
 M - a wand of paralysis (9)
 N - a wand of enslavement (10)
 O - a wand of iceblast (22)
 S - a wand of polymorph (10)
 Z - a wand of acid (6)
Scrolls
 f - a scroll of immolation
 h - 5 scrolls of remove curse
 k - 3 scrolls of amnesia
 l - 6 scrolls of blinking
 r - 5 scrolls of teleportation
 u - 2 scrolls of enchant weapon
 x - 5 scrolls of fog
 y - 4 scrolls of random uselessness
 F - 3 scrolls of vulnerability
 G - 4 scrolls of magic mapping
 L - 4 scrolls of fear
 R - a scroll of holy word
 U - a scroll of silence
Potions
 b - 3 potions of haste
 e - 4 potions of curing
 g - a potion of resistance
 m - a potion of cancellation
 q - 3 potions of might
 w - a potion of heal wounds
 J - a potion of mutation
 K - 7 potions of brilliance
Comestibles
 c - 23 rations
 Y - 7 chunks of flesh


   Skills:
 - Level 5.1 Fighting
 - Level 8.0 Polearms
 - Level 6.1 Dodging
 - Level 10.1 Stealth
 - Level 8.0 Spellcasting
 - Level 10.0 Conjurations
 + Level 5.8 Charms
 - Level 4.0 Translocations
 - Level 10.0 Fire Magic
 + Level 5.8 Air Magic


You had 2 spell levels left.
You knew the following spells:

 Your Spells              Type           Power        Failure   Level  Hunger
a - Flame Tongue          Conj/Fire      #####        1%          1    None
b - Conjure Flame         Conj/Fire      ######..     1%          3    None
c - Sticky Flame          Conj/Fire      ######..     1%          4    ###....
d - Fireball              Conj/Fire      ######....   1%          5    #####..
e - Blink                 Tloc           N/A          2%          2    None
f - Deflect Missiles      Chrm/Air       ####......   75%         6    ######.
g - Bolt of Magma         Conj/Fire/Erth #####.....   4%          5    #####..

Your spell library contained the following spells:

 Spells                   Type           Power        Failure   Level  Hunger
 Magic Dart               Conj           ####         1%          1    None
 Shock                    Conj/Air       ####         1%          1    None
 Swiftness                Chrm/Air       ####....     1%          2    None
 Throw Flame              Conj/Fire      ######       1%          2    None
 Call Imp                 Summ           #.......     12%         2    None
 Slow                     Hex            #.......     12%         2    None
 Inner Flame              Hex/Fire       ####....     1%          3    None
 Mephitic Cloud           Conj/Pois/Air  ####....     1%          3    None
 Static Discharge         Conj/Air       #####...     1%          3    None
 Airstrike                Air            ####......   2%          4    ###....
 Lightning Bolt           Conj/Air       #####.....   2%          5    #####..
 Yara's Violent Unravell  Hex/Tmut       #.........   45%         5    #####..
 Silence                  Hex/Air        ###.......   56%         5    #####..
 Cause Fear               Hex            #.........   61%         4    ###....
 Discord                  Hex            #.........   100%        8    #######


Dungeon Overview and Level Annotations

Branches:
Dungeon (11/15)            Temple (1/1) D:7            Lair (4/6) D:10
  Snake (0/4) Lair:2          Orc (0/2) D:9
  Swamp: Lair:2-4    Shoals: Lair:2-4

Altars:
Cheibriados
Dithmenos
Elyvilon
Gozag
Hepliaklqana
Qazlal
Uskayaw
Vehumet
Xom
Yredelemnul
The Shining One

Shops:
D:9 ?

Annotations:
D:3 1 runed translucent door, happinesssam's ghost, weakling FeEn
D:8 3 runed translucent doors, Azzok's ghost, novice GrFi; MisterFreud's ghost, novice TrMo; aaksess's ghost, novice GnTm; vogonpoet's ghost, novice DsTm
Lair:3 Rupert


Innate Abilities, Weirdness & Mutations

You cannot wear boots.
((Your serpentine skin is tough. (AC +4)))
You have supernaturally acute eyesight. (SInv)
((Armour fits poorly on your strangely shaped body.))
((Your system is resistant to poisons. (rPois)))
((You cover ground very slowly.))
You have a slow metabolism.
You can spit poison.
((You can use your snake-like lower body to constrict enemies.))


Message History

Rupert hits you with a +2 battleaxe of freezing.
* * * LOW HITPOINT WARNING * * *
Rupert freezes you.
* * * LOW HITPOINT WARNING * * *
Unknown command.
Casting: Flame Tongue (safe; 1% risk of failure)
Confirm with . or Enter, or press ? or * to list all spells.
Aiming: Flame Tongue (safe; 1% risk of failure)
Press: ? - help, Shift-Dir - straight line, f/p - Rupert
Aim: Rupert, wielding a +2 battleaxe of freezing and wearing a +3 leather armour of magic resistance (severely wounded, berserk, fast, unusually strong, covered in liquid flames)
The flame tongue hits Rupert.
Rupert is severely wounded.
You feel yourself speed up.
Rupert burns!
The wolf bites you.
* * * LOW HITPOINT WARNING * * *
The blink frog blinks!
The wolf bites you!
* * * LOW HITPOINT WARNING * * *
The porcupine bites you but does no damage.
Rupert hits you with a +2 battleaxe of freezing!!!
You die...

%## ....######......#
........#.......#.....###
.......##F..........##
.....§...............#
##..
#.F..#....#.........##
#... ##.♣.#
#...tF..@......# ...
#....#.##.hY#.#P.....##
...
##Y§......hw@######....
>.♣##.h.<...##♣h♣# ..?##
..r.hYh....#.#..r#
#.h####F..###....###
...[# h.♣.# #...#F.#
##...##.h..#....#.P#
#..lF........###..##
..#.§.......# #...#
.##........## #..P# #
###....######..### .


You could see Rupert (berserk), a torpor snail, a yak, 3 blink frogs, a
crocodile, 3 wolves and a porcupine.

Vanquished Creatures
  Gastronok (D:9)
  Harold (D:9)
  A hydra (Lair:1)
  4 two-headed ogres
  Sonja (Lair:1)
  Pikel (D:6)
  A necromancer (IceCv)
  Maurice (D:9)
  A gargoyle (D:6)
  4 ice statues (IceCv)
  2 spiny frogs
  A kobold demonologist (D:10)
  8 ice devils (IceCv)
  A komodo dragon (Lair:4)
  A troll (D:10)
  Prince Ribbit (D:6)
  5 hippogriffs
  4 blink frogs
  Sigmund (D:3)
  A wraith (D:10)
  A shadow (D:10)
  12 yaks
  A hungry ghost (D:8)
  2 hogs (D:9)
  A human (D:9)
  4 wargs
  Duvessa (D:6)
  4 nagas (Lair:2)
  3 water moccasins
  2 porcupines (Lair:2)
  11 ice beasts
  5 orc warriors
  2 black bears
  5 wolves (Lair:3)
  3 centaurs
  10 ogres
  3 crocodiles
  Blork the orc (D:6)
  15 big kobolds (D:10)
  10 bullfrogs
  A wyvern skeleton (D:10)
  Dowan (D:6)
  A water moccasin skeleton (D:4)
  3 scorpions
  4 wights (D:7)
  An electric eel (Lair:2)
  A bullfrog zombie (D:10)
  4 howler monkeys
  5 crimson imps
  3 draconian simulacra (IceCv)
  A centaur zombie (D:7)
  8 orc priests
  7 orc wizards
  3 centaur skeletons
  Crazy Yiuf (D:6)
  4 hounds
  2 jellies
  Jessica (D:3)
  5 iguanas
  2 spriggan simulacra (IceCv)
  5 worker ants
  2 troll simulacra (IceCv)
  A howler monkey zombie (D:10)
  12 adders
  3 gnolls (D:4)
  A naga simulacrum (IceCv)
  2 ogre simulacra (IceCv)
  3 shadow imps
  2 adder skeletons
  3 worms
  A dart slug (D:3)
  A leopard gecko (D:2)
  29 orcs
  A ball python (D:1)
  8 bats
  12 giant cockroaches
  7 goblins
  8 hobgoblins
  8 jackals
  14 kobolds
  8 quokkas
  5 frilled lizards
  A jackal skeleton (D:9)
  2 quokka skeletons
  5 rats
  A toadstool (D:4)
340 creatures vanquished.

Vanquished Creatures (others)
  A slave (D:6)
  A hound (D:6)
  An orc (D:6)
  3 fungi
  2 plants
  2 toadstools (D:4)
10 creatures vanquished.

Grand Total: 350 creatures vanquished

Notes
Turn   | Place    | Note
-------+----------+-------------------------------------------
     0 | D:1      | MisterFreud the Naga Fire Elementalist began the quest for
                  | the Orb.
     0 | D:1      | Reached XP level 1. HP: 15/15 MP: 3/3
   189 | D:1      | Reached XP level 2. HP: 22/22 MP: 3/5
   864 | D:2      | Reached XP level 3. HP: 28/28 MP: 4/6
  1216 | D:2      | Learned a level 3 spell: Conjure Flame
  1223 | D:2      | Found a shadowy altar of Dithmenos.
  1526 | D:2      | Reached XP level 4. HP: 36/36 MP: 5/7
  2064 | D:2      | Reached XP level 5. HP: 42/42 MP: 7/13
  2065 | D:2      | Reached skill level 5 in Fighting
  2065 | D:2      | Reached XP level 6. HP: 61/61 MP: 8/15
  2124 | D:2      | Learned a level 4 spell: Sticky Flame
  2130 | D:2      | Learned a level 5 spell: Fireball
  2245 | D:3      | Found a faded altar of an unknown god.
  2264 | D:3      | Noticed Jessica
  2269 | D:3      | Killed Jessica
  2414 | D:3      | Noticed happinesssam's ghost (weakling FeEn)
  2417 | D:3      | Found a runed translucent door.
  2451 | D:3      | Found a white marble altar of Elyvilon.
  2589 | D:3      | Noticed Sigmund
  2607 | D:3      | Killed Sigmund
  2607 | D:3      | Reached XP level 7. HP: 63/67 MP: 3/16
  3208 | D:4      | Found a hazy altar of Hepliaklqana.
  3970 | D:5      | Entered Level 5 of the Dungeon
  4023 | D:5      | Reached XP level 8. HP: 74/74 MP: 15/17
  4054 | D:5      | You fall into a shaft and drop 3 floors!
  4192 | D:6      | Noticed Dowan
  4193 | D:6      | Noticed Duvessa
  4199 | D:6      | Killed Duvessa
  4201 | D:6      | Killed Dowan
  4254 | D:6      | Noticed Prince Ribbit
  4267 | D:6      | Killed Prince Ribbit
  4267 | D:6      | Reached skill level 5 in Dodging
  4883 | D:6      | Reached XP level 9. HP: 78/81 MP: 10/19
  5003 | D:6      | Noticed Blork the orc
  5019 | D:6      | Killed Blork the orc
  5047 | D:6      | Found a runed translucent door.
  5105 | D:6      | Noticed Crazy Yiuf
  5111 | D:6      | Killed Crazy Yiuf
  5172 | D:6      | Noticed Pikel
  5196 | D:6      | Killed Pikel
  5305 | D:6      | Noticed a two-headed ogre
  5315 | D:6      | Killed a two-headed ogre
  5315 | D:6      | Reached skill level 10 in Stealth
  5587 | D:6      | Noticed a gargoyle
  5597 | D:6      | Killed a gargoyle
  5597 | D:6      | Reached XP level 10. HP: 10/88 MP: 7/20
  6305 | D:7      | Found a staircase to the Ecumenical Temple.
  6319 | Temple   | Entered the Ecumenical Temple
  6352 | Temple   | Became a worshipper of Vehumet
  6588 | D:7      | Found a basalt altar of Yredelemnul.
  6588 | D:7      | Found a shimmering altar of Xom.
  6827 | D:8      | Found a runed translucent gate.
  6828 | D:8      | Found a runed translucent gate.
  6833 | D:8      | Noticed vogonpoet's ghost (novice DsTm)
  6834 | D:8      | Noticed Azzok's ghost (novice GrFi)
  6834 | D:8      | Noticed aaksess's ghost (novice GnTm)
  6835 | D:8      | Found a runed translucent gate.
  6835 | D:8      | Noticed MisterFreud's ghost (novice TrMo)
  7297 | D:8      | Reached * piety under Vehumet
  7297 | D:8      | Offered knowledge of Shock by Vehumet.
  7383 | D:9      | Learned a level 2 spell: Blink
  7580 | D:9      | Noticed Gastronok
  7605 | D:9      | Killed Gastronok
  7605 | D:9      | Reached XP level 11. HP: 42/94 MP: 0/22
  7831 | D:9      | Found Jemniut's Magic Scroll Shoppe.
  7839 | D:9      | Bought a scroll of teleportation for 42 gold pieces
  7839 | D:9      | Bought a scroll of teleportation for 42 gold pieces
  7839 | D:9      | Bought a scroll of identify for 28 gold pieces
  7839 | D:9      | Bought a scroll of identify for 28 gold pieces
  7839 | D:9      | Bought a scroll of identify for 28 gold pieces
  7839 | D:9      | Bought a scroll of fog for 28 gold pieces
  7868 | D:9      | Noticed Maurice
  7878 | D:9      | Killed Maurice
  7922 | D:9      | Found a staircase to the Orcish Mines.
  7938 | D:9      | Noticed Harold
  7971 | D:9      | Killed Harold
  8009 | D:9      | HP: 1/94 [warg (11)]
  8010 | D:9      | Reached ** piety under Vehumet
  8010 | D:9      | Offered knowledge of Throw Frost by Vehumet.
  9003 | D:10     | Entered Level 10 of the Dungeon
  9152 | D:10     | Noticed a two-headed ogre
  9744 | D:10     | Found a basalt altar of Yredelemnul.
  9764 | D:10     | Killed a two-headed ogre
  9992 | D:10     | Reached skill level 10 in Conjurations
 10159 | D:10     | Reached skill level 10 in Fire Magic
 10159 | D:10     | Offered knowledge of Searing Ray by Vehumet.
 10159 | D:10     | Reached skill level 1 in Polearms
 10162 | D:10     | Reached *** piety under Vehumet
 10165 | D:10     | Noticed a two-headed ogre
 10661 | D:10     | Killed a two-headed ogre
 10661 | D:10     | Reached XP level 12. HP: 58/103 MP: 21/24
 10710 | D:10     | Found a staircase to the Lair.
 11032 | D:10     | Noticed a two-headed ogre
 11043 | D:10     | Killed a two-headed ogre
 11043 | D:10     | Reached skill level 5 in Polearms
 11046 | D:10     | Offered knowledge of Force Lance by Vehumet.
 11469 | Lair:1   | Entered Level 1 of the Lair of Beasts
 11610 | Lair:1   | Learned a level 6 spell: Deflect Missiles
 11641 | Lair:1   | Noticed Sonja
 11645 | Lair:1   | Killed Sonja
 11645 | Lair:1   | Reached skill level 1 in Charms
 11645 | Lair:1   | Reached skill level 1 in Air Magic
 11674 | Lair:1   | Noticed a four-headed hydra
 11692 | Lair:1   | Killed a four-headed hydra
 11775 | Lair:1   | Found the +2 cloak of the Thief {+Fog Slay-2 SInv Stlth+}
 12319 | Lair:2   | Found a staircase to the Snake Pit.
 12434 | Lair:2   | Reached **** piety under Vehumet
 13056 | Lair:2   | Offered knowledge of Fulminant Prism by Vehumet.
 13171 | Lair:3   | Noticed Rupert
 13783 | Lair:3   | Found a frozen archway.
 13807 | IceCv    | Entered an ice cave
 14570 | IceCv    | Gained mutation: You can use your snake-like lower body to
                  | constrict enemies. [Naga growth]
 14570 | IceCv    | Reached XP level 13. HP: 35/109 MP: 18/25
 14880 | IceCv    | Reached ***** piety under Vehumet
 15105 | IceCv    | Offered knowledge of Bolt of Magma by Vehumet.
 15105 | IceCv    | Reached skill level 5 in Charms
 15105 | IceCv    | Reached skill level 5 in Air Magic
 15119 | IceCv    | Learned a level 5 spell: Bolt of Magma
 16579 | Lair:3   | Paralysed by Rupert for 4 turns
 16594 | Lair:3   | Mangled by Rupert

Levels and vault maps discovered:
D:1:      psy_arrival_conway, layout_basic, st_stairs_9
D:2:      layout_basic, grunt_dithmenos_smoke, first_ration
D:3:      layout_loops_corners, hellmonk_ghost_happy_afterlife,
          chequers_ecumenical_altar_simple, elyvilon_altar_4, uniq_jessica,
          uniq_sigmund
D:4:      layout_rooms, overflow_temple_1_default, minmay_gold_behind_fungi
D:5:      layout_rooms
D:6:      layout_basic, uniq_duvessa, uniq_pikel, uniq_crazy_yiuf_cottage,
          uniq_prince_ribbit1, uniq_blork_the_orc
D:7:      layout_cave_pools, amethyst_overflow_temple_binary,
          minmay_temple_entry_drinking_statues
D:8:      layout_rooms, gammafunk_ghost_cemetery
D:9:      layout_loops_ring, david_orc_1_choice, serial_shops,
          nicolae_shop_stone, grunt_livestock, minmay_increasing_density,
          uniq_harold, uniq_gastronok, uniq_maurice
D:10:     layout_basic, erik_lair_orcish_takeover, basic_altar, special_room
          [special_room_kobold]
D:11:     layout_loops_ring, kennysheep_generic_room_14
Temple:   hc_temple_tempest_star
Lair:1:   layout_hall_layers, uniq_sonja
Lair:2:   layout_gridlike, minmay_snake_entry_guardpost_medium, st_stairs_3,
          chequers_serial_rivers_micro_b, grunt_megastairs_1
Lair:3:   layout_layer_cave, portal_ice_cave_entry_ice_beasts,
          grunt_megastairs_5, minmay_lair_oklob_chamber, uniq_rupert
Lair:4:   layout_cave_pods, minmay_shoals_entry_lonely_mermaid,
          forest_entry_grove

Skill      XL: |  1  2  3  4  5  6  7  8  9 10 11 12 13 |
---------------+----------------------------------------+-----
Conjurations   | 2 3 7 8 10 | 10.0
Spellcasting   | 6 7 8 |  8.0
Fire Magic     | 7 8 10 | 10.0
Fighting       | 5 |  5.1
Dodging        | 4 5 6 |  6.1
Stealth        | 8 9 10 | 10.1
Translocations | 2 4 |  4.0
Polearms       | 4 7 8 |  8.0
Charms         | 4 5 |  5.8
Air Magic      | 4 5 |  5.8

Action                   |  1- 3 |  4- 6 |  7- 9 | 10-12 | 13-15 || total
-------------------------+-------+-------+-------+-------+-------++-------
Melee: Club              |    10 |     4 |       |       |       ||    14
       Scythe            |       |       |   138 |   176 |       ||   314
       Trident           |       |       |       |   118 |    59 ||   177
       Constrict         |       |       |       |       |    11 ||    11
 Cast: Flame Tongue      |    23 |    22 |    71 |   181 |    38 ||   335
       Sticky Flame      |       |     1 |    20 |   115 |    22 ||   158
       Fireball          |       |       |       |    14 |     4 ||    18
       Conjure Flame     |       |       |       |     4 |       ||     4
 Abil: Spit Poison       |    31 |    16 |    45 |    51 |     2 ||   145
Evoke: Wand              |       |       |       |     1 |       ||     1
  Use: Scroll            |       |     7 |     4 |    15 |     3 ||    29
       Potion            |       |     2 |       |     6 |     1 ||     9
 Stab: Sleeping          |       |       |     6 |     3 |     9 ||    18
       Distracted        |       |       |       |     1 |       ||     1
  Eat: Chunk             |     3 |     3 |    14 |    31 |     1 ||    52
       Ration            |       |       |       |     3 |     2 ||     5
Armor: Robe              |     8 |     5 |    56 |   155 |    22 ||   246
       Skin              |       |       |       |       |    41 ||    41
Dodge: Dodged            |    20 |     6 |   133 |   305 |    36 ||   500

Table legend:
 A = Non-vault XP
 B = Vault XP
 C = Vault XP percentage of total XP
 D = Non-vault monster count
 E = Vault monster count
 F = Vault count percentage of total count
                 A         B        C        D         E       F
            +---------+---------+-------+---------+---------+-------
      Total |   18294 |   18393 |  50.1 |     237 |     102 |  30.1
            +---------+---------+-------+---------+---------+-------
        D:1 |      27 |       4 |  12.9 |      16 |       2 |  11.1
        D:2 |      70 |       0 |   0.0 |      19 |       0 |   0.0
        D:3 |      89 |     264 |  74.8 |      24 |       2 |   7.7
        D:4 |     398 |       0 |   0.0 |      26 |       0 |   0.0
        D:5 |     307 |       0 |   0.0 |      16 |       0 |   0.0
        D:6 |    1944 |    1314 |  40.3 |      15 |       6 |  28.6
        D:7 |     902 |       0 |   0.0 |      16 |       0 |   0.0
        D:8 |    1187 |       0 |   0.0 |      15 |       0 |   0.0
        D:9 |     503 |    5451 |  91.6 |      15 |      24 |  61.5
       D:10 |    5546 |    2234 |  28.7 |      38 |      25 |  39.7
       D:11 |      51 |       0 |   0.0 |       1 |       0 |   0.0
     Lair:1 |    1952 |     802 |  29.1 |       7 |       1 |  12.5
     Lair:2 |    3200 |    1851 |  36.6 |      18 |      11 |  37.9
     Lair:3 |     981 |    1059 |  51.9 |       7 |       8 |  53.3
     Lair:4 |    1137 |       0 |   0.0 |       4 |       0 |   0.0
      IceCv |       0 |    5414 | 100.0 |       0 |      23 | 100.0
            +---------+---------+-------+---------+---------+-------
